 Dungeon Crawl Stone Soup version 0.28.0 (webtiles) character file.

Game seed: 11736501529184731417

1879 Illumine the Transmogrifier (level 8, 0/45 (51) HPs)
             Began as a Deep Elf Transmuter on Feb 7, 2022.
             Slain by a wight (7 damage)
             ... on level 7 of the Dungeon.
             The game lasted 00:24:59 (8588 turns).

Illumine the Transmogrifier (Deep Elf Transmuter)   Turns: 8588, Time: 00:25:00

HP:   0/45 (51)     AC:  8    Str:  9    XL:     8   Next: 91%
MP:   4/14          EV: 15    Int: 19    God:
Gold: 287           SH:  5    Dex: 21    Spells: 2/13 levels left

rFire   x . .      SeeInvis .     - Unarmed
rCold   + + +      Faith    .   (shield currently unavailable)
rNeg    . . .      Spirit   .   (armour currently unavailable)
rPois   +          Reflect  +   (helmet currently unavailable)
rElec   .          Harm     .   (cloak currently unavailable)
rCorr   .          Rampage  .   (gloves currently unavailable)
Will    .....                   (boots currently unavailable)
Stlth   ++........              I - amulet of reflection
HPRegen 0.15/turn               h - +4 ring of evasion
MPRegen 0.14/turn               i - +6 ring of dexterity

@: ice-form, wereblooded, very slightly contaminated, heavily drained
A: freezing attack, amphibious, boosted hp, large
a: End Transformation


You were on level 7 of the Dungeon.
You were a creature of crystalline ice.
You visited 1 branch of the dungeon, and saw 7 of its levels.

You collected 287 gold pieces.

Inventory:

Hand Weapons
 a - a +3 hunting sling (melded)
Missiles
 c - 244 stones (quivered)
 m - 3 javelins
 r - 7 poisoned darts
 y - 46 sling bullets
 H - 2 throwing nets
Armour
 j - a +0 cloak (melded)
 k - a +0 robe (melded)
 t - a +0 pair of boots (melded)
 x - a +0 pair of gloves (melded)
Magical Staves
 d - a staff of air
Jewellery
 h - a +4 ring of evasion (left front paw)
 i - a +6 ring of dexterity (right front paw)
 u - a +6 ring of dexterity
 B - a ring of flight
 I - an amulet of reflection (around neck)
Wands
 n - a wand of iceblast (8)
 v - a wand of polymorph (14)
Scrolls
 b - a scroll of enchant weapon {unknown}
 f - a scroll of silence {unknown}
 g - a scroll of vulnerability
 l - a scroll of fear
 p - 2 scrolls of magic mapping
 w - a scroll of immolation {unknown}
 z - a scroll of torment {unknown}
 A - a scroll of holy word {unknown}
 D - a scroll of blinking {unknown}
 F - a scroll of teleportation {unknown}
Potions
 e - 2 potions of heal wounds
 o - a potion of mutation
 q - a potion of haste {unknown}
 s - a potion of curing {unknown}
 C - a potion of might {unknown}
 E - a potion of resistance {unknown}
 G - a potion of attraction {unknown}


   Skills:
 + Level 1.1 Fighting
 + Level 2.8 Dodging
 + Level 5.3 Unarmed Combat
 - Level 3.0 Spellcasting
 - Level 2.1 Translocations
 + Level 8.0 Transmutations
 - Level 6.0 Ice Magic
 - Level 3.4 Poison Magic


You had 2 spell levels left.
You knew the following spells:

 Your Spells              Type           Power      Damage    Failure   Level
a - Beastly Appendage     Tmut           66%        N/A       1%          1
b - Wereblood             Tmut           33%        N/A       1%          2
c - Spider Form           Tmut/Pois      24%        N/A       4%          3
d - Ice Form              Ice/Tmut       29%        N/A       9%          4
e - Apportation           Tloc           22%        N/A       6%          1

Your spell library contained the following spells:

 Spells                   Type           Power      Damage    Failure   Level
 Animate Skeleton         Necr           4%         N/A       16%         1
 Magic Dart               Conj           8%         1d3       16%         1
 Summon Small Mammal      Summ           8%         N/A       16%         1
 Call Imp                 Summ           2%         N/A       22%         2
 Mephitic Cloud           Conj/Pois/Air  7%         N/A       28%         3
 Call Canine Familiar     Summ           2%         N/A       41%         3
 Summon Guardian Golem    Hex/Summ       2%         N/A       41%         3


Dungeon Overview and Level Annotations

Branches:
Dungeon (7/15)
 Temple: D:4-7

Altars:
Ashenzari
Cheibriados
Fedhas
Hepliaklqana
Vehumet
Yredelemnul

Shops:
D:5 =


Message History

Press: ? - help, Q - select action, (/) - cycle Shift-Dir - straight line, f/p - wight
Aim: a wight, wielding a +3 spear and wearing a +0 robe (moderately damaged, 65% to hit)
You shoot a sling bullet. The sling bullet hits the wight.
The wight is moderately damaged.
Casting: Ice Form (quite dangerous; 9% risk of failure)
Confirm with . or Enter, or press ? or * to list all spells.
Your blood is infused with primal strength.
The wight hits you from afar with a +3 spear!
You feel drained.
Unknown command.
Casting: Wereblood (safe; 1% risk of failure)
Confirm with . or Enter, or press ? or * to list all spells.
The spell is quite dangerous to miscast (9% risk of failure)!
Continue anyway?
You miscast Ice Form.
You are very lightly contaminated with residual magic.
Nothing appears to happen.
The wight misses you.
Unknown command.
Casting: Ice Form (quite dangerous; 9% risk of failure)
Confirm with . or Enter, or press ? or * to list all spells.
The spell is quite dangerous to miscast (9% risk of failure)!
Continue anyway?
You turn into a creature of crystalline ice.
Your +3 hunting sling melds into your body.
Your +0 cloak melds into your body.
Your +0 pair of gloves melds into your body.
Your +0 pair of boots melds into your body.
Your +0 robe melds into your body.
You block the wight's attack.
Things that are here:
a +0 scimitar; a +0 robe The wight hits you with a +3 flail!
You feel drained. You block the wight's attack.
You punch the wight!
You feel a bit better.
You destroy the wight!
You howl as the wereblood boils in your veins!
The wight hits you with a +3 flail.
Your Transmutations skill increases to level 8!
Unknown command.
You barely miss the wight. The wight hits you with a +3 flail!
* * * LOW HITPOINT WARNING * * *
You feel drained.
You die...

#.....# #..#..........
##.....# ......>......#
##......# ...##........#
........###...##.# #.....
#......##.....#.###.....
#......†.....##.........
#.......#..####..........
#......z#).####..........
.....#..Y).#.##.##..###..
........#.......#...#....
...##.(.######..........#
... #[(.. ....##..#### ..
#((.. #........#### ♣(##
............. (♣
###........... ≈.
####........ ........


You could see a wight.

Vanquished Creatures
  An acid dragon (D:6)
  An orc warrior (D:5)
  2 necrophages
  An ogre (D:2)
  A centaur (D:6)
  A bullfrog (D:6)
  3 scorpions
  A water moccasin skeleton (D:4)
  9 wights
  A bullfrog zombie (D:6)
  2 centaur zombies
  A bullfrog skeleton (D:6)
  3 hounds
  A centaur skeleton (D:6)
  3 orc priests
  2 iguanas (D:6)
  Ijyb (D:3)
  2 orc wizards (D:6)
  A killer bee zombie (D:6)
  A howler monkey zombie (D:6)
  4 gnolls
  5 adders
  2 adder skeletons (D:4)
  2 worms
  A dart slug (D:2)
  11 orcs
  3 endoplasms (D:1)
  2 giant cockroaches
  11 goblins
  4 hobgoblins
  4 jackals (D:4)
  8 quokkas
  4 ball pythons
  5 bats
  5 frilled lizards
  3 kobolds
  A quokka skeleton (D:4)
  A rat (D:1)
  A spectral kobold (D:3)
115 creatures vanquished.

Vanquished Creatures (others)
  9 plants (D:2)
9 creatures vanquished.

Grand Total: 124 creatures vanquished

Notes
Turn   | Place    | Note
-------+----------+-------------------------------------------
     0 | D:1      | Illumine the Deep Elf Transmuter began the quest for the
                  | Orb.
     0 | D:1      | Reached XP level 1. HP: 11/11 MP: 6/6
   569 | D:1      | Reached XP level 2. HP: 14/16 MP: 6/8
   585 | D:1      | Learned a level 2 spell: Wereblood
  1591 | D:2      | Reached skill level 1 in Fighting
  1945 | D:2      | Noticed an ogre
  2012 | D:2      | Reached XP level 3. HP: 13/20 MP: 5/9
  2125 | D:2      | Learned a level 3 spell: Spider Form
  2383 | D:3      | Noticed Ijyb
  2478 | D:3      | Found a basalt altar of Yredelemnul.
  2780 | D:3      | Reached skill level 3 in Transmutations
  3112 | D:3      | Reached skill level 1 in Poison Magic
  3398 | D:3      | Killed Ijyb
  3399 | D:3      | Reached XP level 4. HP: 20/25 MP: 7/10
  3509 | D:3      | Found a hazy altar of Hepliaklqana.
  3553 | D:4      | Noticed a scorpion
  3650 | D:2      | Killed an ogre
  3651 | D:2      | Reached skill level 4 in Transmutations
  3651 | D:2      | Reached XP level 5. HP: 11/29 MP: 9/11
  3854 | D:2      | Learned a level 4 spell: Ice Form
  4127 | D:4      | Reached skill level 1 in Ice Magic
  4346 | D:4      | Reached XP level 6. HP: 34/34 MP: 12/12
  4914 | D:4      | Reached skill level 5 in Transmutations
  5105 | D:4      | Found a radiant altar of Vehumet.
  5541 | D:5      | Entered Level 5 of the Dungeon
  5581 | D:5      | Noticed an orc warrior
  5729 | D:5      | Found Gihu's Jewellery Emporium.
  5737 | D:5      | Reached XP level 7. HP: 38/38 MP: 9/13
  6192 | D:5      | Reached skill level 6 in Transmutations
  6656 | D:5      | Found a broken altar of Ashenzari.
  6663 | D:5      | Found a snail-covered altar of Cheibriados.
  6666 | D:5      | Found a blossoming altar of Fedhas.
  7307 | D:6      | Identified the +3 hunting sling of Dried Tears {vorpal,
                  | rPois rN+ Str-5 Int+5}
  7322 | D:6      | Reached skill level 5 in Ice Magic
  7407 | D:6      | Reached XP level 8. HP: 40/43 MP: 11/14
  7649 | D:6      | Reached skill level 7 in Transmutations
  8107 | D:6      | Learned a level 1 spell: Apportation
  8422 | D:7      | Reached skill level 5 in Unarmed Combat
  8422 | D:7      | Reached skill level 1 in Translocations
  8588 | D:7      | Reached skill level 8 in Transmutations
  8588 | D:7      | Slain by a wight

Illustrated notes

Levels and vault maps discovered:
D:1:      dpeg_arrival_connections, layout_loops_cross, minmay_misc_feat_rugged,
          minmay_pentomino_t2
D:2:      wad_lake_hut, layout_loops_corners
D:3:      wad_pebble_path, layout_basic, yredelemnul_altar_generic,
          nicolae_hepliaklqana_monster_ancestors, minmay_goblin_outpost,
          uniq_ijyb
D:4:      layout_rooms, mainiacjoe_overflow_concentric_impassable,
          grunt_ministairs_1
D:5:      layout_rooms, minitemple, serial_shops, shop
D:6:      hangedman_cross_stitches, layout_basic, nicolae_overflow_hidden_temple
D:7:      layout_cave_pools, mainiacjoe_overflow_paths, temple_statues,
          minmay_the_grid_2x2 [minmay_the_grid_spin_star,
          minmay_the_grid_tri_star, minmay_the_grid_box_x,
          minmay_the_grid_prize_four_corners_diamond_a]

Skill      XL: |  1  2  3  4  5  6  7  8 |
---------------+-------------------------+-----
Fighting       | 1 |  1.1
Unarmed Combat | 3 4 5 |  5.3
Transmutations | 3 4 5 6 8 |  8.0
Poison Magic   | 1 2 3 |  3.4
Ice Magic      | 1 3 5 6 |  6.0
Translocations | 2 |  2.1
Dodging        | |  2.8
Spellcasting   | |  3.0

Action                   |  1- 3 |  4- 6 |  7- 9 || total
-------------------------+-------+-------+-------++-------
Melee: Unarmed           |   127 |    88 |   152 ||   367
       Kick              |    32 |    28 |     7 ||    67
       Headbutt          |    14 |     7 |     2 ||    23
       Punch             |     2 |     1 |       ||     3
 Fire: Hunting sling     |     1 |    31 |    53 ||    85
Throw: Stone             |    41 |     1 |       ||    42
 Cast: Beastly Appendage |    37 |    14 |     2 ||    53
       Wereblood         |     3 |     9 |    11 ||    23
       Spider Form       |     1 |     4 |    11 ||    16
       Ice Form          |       |     2 |     9 ||    11
  Use: Scroll            |       |       |     5 ||     5
 Stab: Sleeping          |     1 |     2 |       ||     3
Armor: Robe              |    16 |     6 |     1 ||    23
       Skin              |       |     1 |    10 ||    11
Dodge: Dodged            |    88 |    79 |   128 ||   295
Block: Other             |       |       |    12 ||    12
